 Dungeon Crawl Stone Soup version 0.29.1-12-g30fa7ad0bf (webtiles) character file.

Game seed: 15811076044039715105

169 Descartes the Covert (level 5, 0/27 HPs)
             Began as a Spriggan Delver on Dec 20, 2022.
             Was a Follower of Dithmenos.
             Succumbed to a scorpion's poison
             ... on level 4 of the Dungeon.
             The game lasted 00:05:48 (4577 turns).

Descartes the Covert (Spriggan Delver)              Turns: 4577, Time: 00:05:49

Health: 0/27       AC:  3    Str: 10    XL:     5   Next: 25%
Magic:  15/15      EV: 18    Int: 12    God:    Dithmenos [*.....]
Gold:   153        SH:  0    Dex: 16    Spells: 4/4 levels left

rFire   . . .      SeeInvis +   a - +0 short sword
rCold   + . .      Faith    .   (no shield)
rNeg    . . .      Spirit   .   b - +0 robe
rPois   .          Reflect  .   (helmet restricted)
rElec   .          Harm     .   x - +0 cloak
rCorr   .          Rampage  .   (gloves unavailable)
Will    .....                   (boots unavailable)
Stlth   +++++.....              (no amulet)
HPRegen 0.09/turn               l - ring of protection from cold
MPRegen 0.14/turn               s - ring of magical power

@: lethally poisoned (0 -> -6), wreathed by umbra, very quick
A: very small, no large weapons, unfitting armour, see invisible, speed 3
a: Renounce Religion


You were on level 4 of the Dungeon.
You worshipped Dithmenos.
Dithmenos was aware of your devotion.
You visited 2 branches of the dungeon, and saw 6 of its levels.

You collected 153 gold pieces.

Inventory:

Hand Weapons
 a - a +0 short sword (weapon)
 k - the +3 hand axe of Lecraaq {holy, rN+ Str+3}
   (You found it on level 2 of the Dungeon)

   It has been blessed by the Shining One to cause great damage to the undead
   and demons.
   Str:       It affects your strength (+3).
   rN:        It protects you from negative energy.
 w - a +3 quarterstaff of chaos
Missiles
 u - 29 stones (quivered)
 v - 6 boomerangs
Armour
 b - a +0 robe (worn)
 x - a +0 cloak (worn)
Jewellery
 l - a ring of protection from cold (left hand)
 s - a ring of magical power (right hand)
 B - a ring of fire
Wands
 g - a wand of digging (3)
Scrolls
 c - a scroll of fog
 d - a scroll of magic mapping
 e - 2 scrolls of fear
 i - a scroll of amnesia {unknown}
 j - 3 scrolls of poison {unknown}
 m - a scroll of torment {unknown}
 p - a scroll of identify {unknown}
 q - a scroll of butterflies {unknown}
 y - 3 scrolls of teleportation {unknown}
 z - a scroll of blinking {unknown}
Potions
 f - a potion of haste
 h - 2 potions of degeneration {unknown}
 n - a potion of lignification {unknown}
 o - 3 potions of invisibility {unknown}
 r - a potion of flight {unknown}
 t - 2 potions of heal wounds {unknown}
 A - 2 potions of curing {unknown}


   Skills:
 - Level 2.4 Fighting
 + Level 3.5 Short Blades
 + Level 4.3 Dodging
 * Level 9.3 Stealth


You had 4 spell levels left.
You didn't know any spells.
Your spell library contained the following spells:

 Spells                   Type           Power      Damage    Failure   Level
 Summon Lightning Spire   Summ/Air       0%         N/A       97%         4
 Storm Form               Tmut/Air       0%         N/A       100%        7
 Maxwell's Capacitive Co  Air            0%         ∞         100%        8


Dungeon Overview and Level Annotations

Branches:
Dungeon (5/15)             Temple (1/1) D:5

Altars:
Cheibriados
Dithmenos
Elyvilon
Hepliaklqana
Nemelex Xobeh
Okawaru
Ru
Sif Muna
Trog
Vehumet
Zin
The Shining One

Shops:
D:4 =[


Innate Abilities, Weirdness & Mutations

You are very small and have problems with some larger weapons.
You are too small for most types of armour.
You have supernaturally acute eyesight. (SInv)
You cover ground extremely quickly. (Speed+++)


Message History

Unknown command.
You hit the giant cockroach but do no damage.
The giant cockroach closely misses you. The scorpion barely misses you.
The giant cockroach barely misses you.
Unknown command.
You hit the giant cockroach but do no damage.
The scorpion completely misses you. The giant cockroach closely misses you.
You hit the giant cockroach but do no damage.
The scorpion barely misses you. The giant cockroach barely misses you.
The scorpion closely misses you.
You hit the giant cockroach but do no damage.
The giant cockroach closely misses you. The scorpion completely misses you.
You hit the giant cockroach but do no damage.
The giant cockroach misses you. The scorpion completely misses you.
You hit the giant cockroach.
The giant cockroach is moderately wounded.
The giant cockroach completely misses you.
The scorpion completely misses you.
You closely miss the giant cockroach.
The giant cockroach is moderately wounded.
The giant cockroach barely misses you. The scorpion completely misses you.
You hit the scorpion.
The scorpion is lightly wounded.
The giant cockroach closely misses you. The scorpion stings you.
You are poisoned.
The scorpion poisons you!
The giant cockroach completely misses you.
Unknown command.
You hit the scorpion.
The scorpion is lightly wounded.
You feel sick. The scorpion completely misses you.
The giant cockroach closely misses you.
You hit the scorpion but do no damage.
The scorpion is lightly wounded.
* * * LOW HITPOINT WARNING * * *
You feel sick. The scorpion stings you.
* * * LOW HITPOINT WARNING * * *
The giant cockroach completely misses you.
The scorpion closely misses you.
You die...

#.# #......g.... #.#
#....≈≈≈≈≈≈≈ ######.####
#...≈≈≈≈≈≈†. ...........#
#...≈≈_....8 ..#######..#
+...≈≈≈≈≈≈..
##.#####....≈≈≈≈≈≈≈
#.....'...........
#########'####........'..
#.......@..# #........###
......sB...###.#......#
.......w..(##.....#####
..............###...#
............#.# #.#.#
..............# #.....
#.........#.... ....#..
#............##.##.. ...
.......###.# .. W## .g


You could see a worm, a scorpion and a giant cockroach.

Vanquished Creatures
  Crazy Yiuf (D:2)
  An iguana (D:4)
  5 adders
  A gnoll (D:1)
  2 worms (D:2)
  2 dart slugs
  2 orcs (D:3)
  4 endoplasms
  3 giant cockroaches
  5 hobgoblins
  8 jackals
  2 quokkas
  A ball python (D:2)
  2 bats
  2 goblins
  5 kobolds
  2 rats
48 creatures vanquished.

Notes
Turn   | Place    | Note
-------+----------+-------------------------------------------
     0 | D:5      | Descartes the Spriggan Delver began the quest for the Orb.
     0 | D:5      | Reached XP level 1. HP: 11/11 MP: 2/2
    12 | D:5      | Found a staircase to the Ecumenical Temple.
    15 | D:5      | Noticed a phantom
    21 | Temple   | Entered the Ecumenical Temple
   248 | Temple   | Became a worshipper of Dithmenos the Shadowed
   345 | D:4      | Noticed an iguana
   349 | D:4      | Killed an iguana
   350 | D:4      | Reached XP level 2. HP: 16/16 MP: 3/3
   352 | D:4      | Found Wenair's Antique Armour Boutique.
   376 | D:4      | Found a white marble altar of Elyvilon.
   396 | D:4      | Noticed a phantom
   420 | D:4      | Found Veeguoli's Jewellery Shoppe.
   439 | D:3      | Reached skill level 8 in Stealth
   443 | D:3      | Reached XP level 3. HP: 19/19 MP: 4/4
   507 | D:2      | Identified the +3 hand axe of Lecraaq {holy, rN+ Str+3}
  2188 | D:2      | Reached XP level 4. HP: 23/23 MP: 5/5
  2454 | D:2      | Found a faded altar of an unknown god.
  2884 | D:2      | Found a runed translucent door.
  2885 | D:2      | Noticed Crazy Yiuf
  2892 | D:2      | Killed Crazy Yiuf
  3107 | D:2      | Reached skill level 9 in Stealth
  3179 | D:2      | Found the +6 shillelagh "Devastator" {shatter}
  3656 | D:3      | Found a snail-covered altar of Cheibriados.
  3674 | D:3      | Reached * piety under Dithmenos
  3764 | D:3      | Reached XP level 5. HP: 27/27 MP: 6/6
  4576 | D:4      | HP: 1/27 [scorpion (6)]
  4577 | D:4      | Succumbed to a scorpion's poison

Illustrated notes

Levels and vault maps discovered:
D:1:      onia_arrival_pyramid, layout_basic, minmay_misc_feat_pillars,
          st_stairs_8
D:2:      layout_rooms, ebering_ecumenical_altar_sacrificial,
          minmay_misc_feat_encased, uniq_crazy_yiuf_cottage
D:3:      layout_basic, kennysheep_slug_shrine, kennysheep_cross_room
D:4:      layout_basic, mainiacjoe_overflow_catwalk, serial_shops, shop,
          nicolae_shop_hallway_plus, nicolae_shop_hallway_stairs, shop,
          kennysheep_small_spiral, minmay_fractal_squares_5
D:5:      layout_rooms, minmay_temple_entry_overgrown
Temple:   jpeg_temple_alley_garden

Skill      XL: |  1  2  3  4 |
---------------+-------------+-----
Dodging        | 3 4 |  4.3
Stealth        | 8 9 |  9.3
Short Blades   | 3 |  3.5
Fighting       | |  2.4

Action                   |  1- 3 |  4- 6 || total
-------------------------+-------+-------++-------
Melee: Short sword       |    76 |   140 ||   216
       Punch             |     1 |     1 ||     2
 Stab: Sleeping          |    12 |     6 ||    18
Armor: Robe              |     8 |    10 ||    18
Dodge: Dodged            |    41 |   115 ||   156
